Map: Neon Violet Square LE

Players

Titimtimon - Winner!

  • Race: Terran Terran
  • League: Silver
  • Spawn Location: 11:00

LvLShaman

  • Race: Protoss Protoss
  • Spawn Location: 5:00

VOD

Have the link to the VOD?

Description

Time

  • Played on: March 8, 2018, 2:45 a.m.
  • Length: 14:42
Show
View Real Time Build Order
Export as new Build Order

Titimtimon Terran - Winner!

Build Orders: MMM Bio 

Get SALT Encoding   

  12  0:01  SCV  
  13  0:13  SCV  
  14  0:20  Supply Depot  
  14  0:25  SCV  
  15  0:41  SCV  
  16  0:44  Barracks  
  16  0:47  Refinery  
  16  0:53  SCV  
  17  1:00  Supply Depot  
  17  1:05  SCV  
  18  1:17  SCV  
  19  1:30  SCV  
  20  1:36  Reaper  
  21  1:42  Orbital Command  
  21  1:58  Command Center  
  21  2:09  Barracks Reactor  
  21  2:15  SCV  
  22  2:26  Barracks  
  22  2:27  SCV  
  22  2:28  Barracks  
  23  2:36  Refinery  
  23  2:39  SCV  
  24  2:46  Factory  
  24  2:51  SCV  
  24  2:57  Marine x2  
  27  3:03  SCV  
  28  3:14  Marine x2  
  28  3:15  SCV  
  31  3:28  SCV  
  32  3:42  Orbital Command  
  32  3:50  SCV  
  32  3:53  Barracks Tech Lab, Barracks Reactor  
  32  3:55  Factory Tech Lab  
  33  3:58  Starport  
  33  4:02  SCV  
  34  4:08  Bunker  
  34  4:14  SCV, Engineering Bay  
  34  4:24  Siege Tank  
  34  4:30  SCV x2  
  39  4:38  Marine x2  
  39  4:42  SCV x2  
  43  4:45  Stimpack  
  43  4:51  Missile Turret  
  43  4:56  Marine, Missile Turret  
  43  4:58  Marine  
  45  5:01  SCV  
  46  5:07  Supply Depot  
  46  5:11  Supply Depot  
  46  5:29  Siege Tank, SCV x2, Medivac, Marine x2  
  46  5:33  Supply Depot x2  
  46  5:34  Supply Depot  
  55  5:39  Supply Depot  
  55  5:41  SCV, Marine  
  55  5:42  Marine x2  
  59  5:46  SCV, Marine  
  59  5:47  Marine  
  62  5:58  SCV  
  62  6:01  Siege Tank, Starport Tech Lab  
  66  6:04  Marine x2  
  66  6:09  Marine x3, Starport  
  71  6:19  SCV x2  
  71  6:22  Marine  
  71  6:24  Refinery  
  74  6:26  Marine x2, Refinery  
  74  6:31  SCV x2  
  78  6:49  Starport Reactor  
  78  6:50  Raven  
  80  7:07  Marine x3  
  83  7:08  SCV  
  83  7:09  SCV  
  83  7:10  Marine x2  
  83  7:14  Command Center  
  87  7:21  SCV  
  88  7:30  Viking x2  
  88  7:33  Viking  
  94  7:40  Missile Turret  
  94  7:41  Marine x2  
  94  7:42  Marine x3  
  99  7:47  Missile Turret, Combat Shields  
  99  7:51  Terran Infantry Weapons Level 1  
  99  7:59  Marine x3  
  102  8:06  Starport  
  102  8:12  Starport  
  102  8:13  Supply Depot  
  102  8:17  Supply Depot  
  102  8:18  Supply Depot  
  102  8:25  SCV, Raven, Marine x3, Viking  
  110  8:35  Supply Depot  
  110  8:36  Marine x2, Supply Depot  
  110  8:37  Supply Depot  
  110  8:38  Viking  
  114  8:55  Viking  
  116  8:56  Orbital Command  
  116  8:59  SCV  
  117  9:11  SCV x2  
  117  9:15  Viking x2  
  123  9:17  Starport Reactor  
  123  9:18  Starport Reactor  
  123  9:23  SCV x2  
  125  9:35  SCV  
  126  9:42  Viking  
  126  9:45  Viking x2  
  132  10:02  Sensor Tower  
  132  10:03  Command Center  
  131  10:11  Siege Tank  
  131  10:12  Viking  
  136  10:16  Terran Infantry Armor Level 1  
  136  10:22  Armory, Viking x2  
  136  10:26  Refinery  
  140  10:28  SCV  
  140  10:29  Refinery  
  140  10:33  Viking  
  140  10:34  Viking  
  145  10:44  Siege Tank  
  148  11:03  Marine x3  
  148  11:04  Marine x2  
  151  11:05  Viking x2  
  151  11:06  Viking x3  
  163  11:19  Siege Tank  
  163  11:21  Marine x2  
  168  11:29  Viking x2  
  103  12:18  Marine x3  
  103  12:19  Marine x2  
  103  12:20  Viking x4  
  103  12:21  Viking x3  
  122  12:24  Siege Tank  
  125  12:36  Marine x2  
  127  12:53  Viking  
  127  12:54  Viking x3  
  127  12:55  Marine  
  127  12:56  Marine x4  
  143  12:58  Siege Tank  
  143  13:02  Planetary Fortress  
  143  13:13  Marine x2  
  143  13:14  Marine  
  138  13:34  Viking x2  
  138  13:35  Viking x2  
  138  13:41  Viking x2  
  144  13:42  Marine x4  
  148  13:53  SCV  
  149  13:58  Viking  
  151  14:04  Viking  
  151  14:05  SCV  
  151  14:06  Viking x3  
  152  14:17  SCV  
  152  14:23  Marine  
  152  14:24  Marine x3  
  151  14:29  SCV  
Show
View Real Time Build Order
Export as new Build Order

LvLShaman Protoss 

Build Orders: Double Forge 

Get SALT Encoding   

  12  0:01  Probe (Chrono Boost)  
  13  0:13  Probe (Chrono Boost)  
  14  0:21  Pylon  
  14  0:22  Probe (Chrono Boost)  
  15  0:39  Probe  
  16  0:42  Gateway  
  16  0:54  Forge  
  16  0:57  Probe  
  16  1:03  Assimilator  
  17  1:18  Probe  
  18  1:33  Cybernetics Core  
  18  1:38  Pylon  
  18  1:40  Probe  
  19  1:52  Probe  
  20  1:56  Assimilator  
  20  2:04  Probe  
  21  2:18  Probe  
  22  2:25  Twilight Council  
  22  2:29  Gateway  
  22  2:30  Zealot (Chrono Boost)  
  24  2:38  Probe  
  25  2:53  Zealot (Chrono Boost)  
  25  2:58  Pylon  
  27  3:04  Protoss Ground Armor Level 1  
  27  3:12  Stalker (Chrono Boost)  
  31  3:20  Stalker (Chrono Boost)  
  31  3:31  Charge  
  33  3:42  Pylon  
  33  3:44  Pylon, Stalker  
  33  3:55  Forge  
  33  3:56  Gateway  
  33  4:01  Gateway  
  33  4:05  Pylon  
  33  4:27  Nexus  
  33  4:34  Protoss Ground Weapons Level 1  
  33  4:42  Zealot  
  33  4:45  Zealot  
  37  4:48  Probe  
  38  5:10  Protoss Shields Level 1  
  38  5:18  Blink  
  38  5:31  Probe (Chrono Boost)  
  39  5:39  Probe (Chrono Boost)  
  41  5:48  Probe (Chrono Boost)  
  41  5:49  Probe (Chrono Boost)  
  44  5:50  Zealot x2  
  44  5:54  Probe x2 (Chrono Boost)  
  44  5:55  Zealot  
  50  6:02  Stalker  
  52  6:06  Probe (Chrono Boost)  
  53  6:17  Zealot  
  53  6:18  Probe (Chrono Boost)  
  57  6:26  Probe (Chrono Boost)  
  57  6:28  Protoss Ground Armor Level 2  
  57  6:32  Probe  
  58  6:46  Nexus  
  58  6:54  Probe  
  58  6:57  Probe  
  60  7:03  Assimilator, Protoss Ground Weapons Level 2  
  60  7:08  Assimilator  
  60  7:09  Probe  
  61  7:17  Stargate  
  61  7:20  Robotics Facility  
  61  7:21  Probe  
  61  7:22  Templar Archives  
  62  7:30  Pylon  
  62  7:32  Pylon  
  62  7:34  Probe  
  63  7:39  Stalker  
  63  7:41  Zealot  
  67  7:46  Probe  
  68  7:54  Stalker x2  
  72  7:58  Probe  
  73  8:08  Zealot  
  75  8:13  Probe  
  76  8:22  Stalker  
  76  8:24  Stalker x2  
  76  8:25  Probe  
  83  8:35  Stalker  
  85  8:51  Protoss Ground Armor Level 3  
  85  8:52  Zealot  
  85  8:54  Stalker, Zealot  
  91  9:03  Observer  
  91  9:05  Stalker (Chrono Boost)  
  94  9:18  Stalker (Chrono Boost)  
  94  9:19  Stalker (Chrono Boost)  
  94  9:22  Stalker (Chrono Boost)  
  98  9:25  Observer  
  101  9:36  Protoss Ground Weapons Level 3  
  101  9:44  Pylon  
  101  9:46  Pylon  
  101  9:48  Pylon  
  101  9:50  Pylon  
  101  9:54  Pylon  
  101  10:02  Stalker (Chrono Boost), Zealot x3  
  109  10:13  Observer  
  110  10:27  Stalker (Chrono Boost), Zealot x2 (Chrono Boost)  
  110  10:29  Zealot (Chrono Boost)  
  118  10:46  Stalker, Zealot  
  118  10:49  Zealot x2  
  126  11:00  Pylon  
  126  11:02  Pylon x2  
  126  11:13  Zealot  
  126  11:16  Stalker x3  
  134  11:40  Stalker  
  134  11:46  Stalker x2, Zealot  
  100  12:10  Zealot (Chrono Boost)  
  100  12:13  Protoss Shields Level 2  
  100  12:14  Zealot (Chrono Boost)  
  66  12:16  Zealot (Chrono Boost)  
  66  12:17  Stalker (Chrono Boost)  
  70  12:34  Stalker (Chrono Boost)  
  70  12:37  Stalker (Chrono Boost)  
  70  12:40  Stalker (Chrono Boost)  
  70  12:43  Stalker (Chrono Boost)  
  78  12:57  Stalker  
  80  13:00  Zealot  
  80  13:03  Stalker  
  84  13:05  Stalker  
  76  13:27  Stalker x2  
  76  13:33  Stalker  
  76  13:35  Stalker  
  56  13:57  Stalker x2  
  60  14:03  Stalker  
  60  14:05  Stalker  
Tags
 
Composition
MMM Bio
League
Silver
Matchup
PvT
Spawn Locations
Cross Positions
Add a new tag
Caveats
  • Supply blocks, unpowered buildings, or Contaminate may cause inaccurate times.
  • Supply counts are checked every 10 seconds.